 Dungeon Crawl Stone Soup version 0.21.1-1-g345015fe64 (webtiles) character file.

200 Ivernyr the Slasher (level 5, 23/38 HPs)
             Began as a Demonspawn Skald on Apr 28, 2018.
             Quit the game on level 3 of the Dungeon.
             The game lasted 00:06:59 (2471 turns).

Ivernyr the Slasher (Demonspawn Skald)              Turns: 2471, Time: 00:07:00

Health: 23/38      AC:  5    Str: 11    XL:     5   Next: 49%
Magic:  5/8        EV: 12    Int: 19    God:
Gold:   220        SH:  0    Dex: 14    Spells: 3/8 levels left

rFire    . . .     SeeInvis .   a - +0 falchion
rCold    . . .     Gourm    .   (no shield)
rNeg     + . .     Faith    .   b - +0 leather armour
rPois    .         Spirit   .   (no helmet)
rElec    .         Reflect  .   (no cloak)
rCorr    .         Harm     .   (no gloves)
MR       .....                  (no boots)
Stlth    ++........             (no amulet)
HPRegen  1.12/turn              k - +5 ring of intelligence
MPRegen  0.11/turn              l - ring of positive energy

@: shrouded
A: talons 1, thin metallic scales 1, demonic guardian 1, powered by death 1
a: no special abilities


You were on level 3 of the Dungeon.
You were near starving.

You visited 1 branch of the dungeon, and saw 3 of its levels.

You collected 220 gold pieces.

Inventory:

Hand Weapons
 a - a +0 falchion (weapon)
Armour
 b - a +0 leather armour (worn)
Jewellery
 k - a +5 ring of intelligence (left hand)
 l - a ring of positive energy (right hand)
 n - an uncursed ring of protection from cold {unknown}
Wands
 u - a wand of iceblast (5)
Scrolls
 f - 5 scrolls of identify {unknown}
 g - 2 scrolls of random uselessness {unknown}
 j - a scroll of amnesia {unknown}
 p - a scroll of enchant weapon {unknown}
 r - a scroll of immolation {unknown}
 t - a scroll of enchant armour {unknown}
Potions
 e - a potion of mutation {unknown}
 h - a potion of curing {unknown}
 i - a potion of degeneration {unknown}
 m - a potion of haste {unknown}
 o - a potion of lignification {unknown}
 q - a potion of berserk rage {unknown}
 s - 2 potions of heal wounds {unknown}
 v - a potion of brilliance {unknown}
Books
 c - a book of Battle

   Spells                             Type                      Level
   a - Infusion                       Charms                       1
   b - Shroud of Golubria             Charms/Translocation         2
   c - Song of Slaying                Charms                       2
   d - Spectral Weapon                Hexes/Charms                 3
   e - Regeneration                   Charms/Necromancy            3
Comestibles
 d - 8 rations


   Skills:
 + Level 2.3 Fighting
 + Level 3.6 Long Blades
 + Level 1.6 Armour
 + Level 2.3 Dodging
 + Level 1.6 Stealth
 + Level 2.3 Spellcasting
 + Level 3.2 Charms
 + Level 0.2 Translocations


You had 3 spell levels left.
You knew the following spells:

 Your Spells              Type           Power        Failure   Level  Hunger
a - Shroud of Golubria    Chrm/Tloc      #.........   16%         2    ##.....
b - Song of Slaying       Chrm           ##......     9%          2    ##.....
c - Infusion              Chrm           ##..         5%          1    #......


Dungeon Overview and Level Annotations

Branches:
Dungeon (3/15)

Altars:


Innate Abilities, Weirdness & Mutations

You have sharp toenails.
You are partially covered in thin metallic scales. (AC +2)
A weak demonic guardian rushes to your aid.
You regenerate a little health from kills.


Message History

The phantom hits you!
You hit the phantom but do no damage.
The phantom is almost destroyed.
The phantom closely misses you.
You riposte.
You hit the phantom.
The phantom is almost destroyed.
You closely miss the phantom.
The phantom is almost destroyed.
The phantom blinks!
The phantom barely misses you.
You barely miss the phantom.
The phantom is almost destroyed.
The phantom closely misses you.
You riposte.
You hit the phantom but do no damage.
The phantom is almost destroyed.
You hit the phantom.
You destroy the phantom!
You have reached level 5!
Your demonic ancestry asserts itself...
You feel the presence of a demonic guardian.
Are you sure you want to abandon this character and quit the game? (Confirm with "yes".)

#.##................#....
#.##.............>.......
#.##................#....
..##................#....
.####................#....
#. #........##......#.#'#
# #........##....#.#.#.#
#........##....#.#.#..
##....@...###...#.#.###
#.......#####...#+#'###
#....#.........#.......
#....#.........#.......
#......................
#.......####+##..<.....
#.......)....##........
###............#..#.#....
...............#....#....


There were no monsters in sight!

Vanquished Creatures
  A phantom (D:3)
  Ijyb (D:3)
  An adder (D:2)
  A shadow imp (D:3)
  3 worms
  3 leopard geckos
  4 orcs (D:3)
  A ball python (D:2)
  4 giant cockroaches
  5 goblins
  8 hobgoblins
  6 kobolds
  A quokka (D:2)
  A ball python skeleton (D:3)
  A ball python zombie (D:3)
  8 bats
  5 frilled lizards
  2 quokka skeletons (D:3)
  9 rats
65 creatures vanquished.

Vanquished Creatures (others)
  A bat (D:1)
1 creature vanquished.

Grand Total: 66 creatures vanquished

Notes
Turn   | Place    | Note
-------+----------+-------------------------------------------
     0 | D:1      | Ivernyr the Demonspawn Skald began the quest for the Orb.
     0 | D:1      | Reached XP level 1. HP: 16/16 MP: 3/3
   255 | D:1      | Gained mutation: You have sharp toenails. [demonic ancestry]
   255 | D:1      | Reached XP level 2. HP: 22/22 MP: 5/5
   507 | D:1      | Learned a level 2 spell: Song of Slaying
   510 | D:1      | Learned a level 2 spell: Shroud of Golubria
   543 | D:2      | Reached skill level 1 in Armour
   711 | D:2      | Gained mutation: You are partially covered in thin metallic scales. (AC +2) [demonic ancestry]
   711 | D:2      | Reached XP level 3. HP: 20/27 MP: 6/6
  1146 | D:2      | Reached skill level 1 in Stealth
  1263 | D:3      | Gained mutation: You regenerate a little health from kills. [demonic ancestry]
  1263 | D:3      | Reached XP level 4. HP: 6/33 MP: 0/7
  1672 | D:3      | Noticed Ijyb
  1695 | D:3      | Killed Ijyb
  2175 | D:3      | Noticed a phantom
  2470 | D:3      | Killed a phantom
  2470 | D:3      | Gained mutation: A weak demonic guardian rushes to your aid. [demonic ancestry]
  2470 | D:3      | Reached XP level 5. HP: 22/38 MP: 5/8
  2471 | D:3      | Quit the game

Skill      XL: |  1  2  3  4 |
---------------+-------------+-----
Charms         | 3 |  3.2
Long Blades    | 2 3 |  3.6
Dodging        | 2 |  2.3
Armour         | 1 |  1.6
Stealth        | 1 |  1.6
Fighting       | |  2.3
Spellcasting   | |  2.3
Translocations | |  0.2

Action                   |  1- 3 |  4- 6 || total
-------------------------+-------+-------++-------
Melee: Falchion          |   119 |    79 ||   198
       Kick              |    26 |    18 ||    44
 Cast: Shroud of Golubri |     4 |     6 ||    10
Evoke: Wand              |       |     2 ||     2
 Stab: Sleeping          |     1 |       ||     1
  Eat: Chunk             |     1 |     3 ||     4
Armor: Leather armour    |    50 |    17 ||    67
Dodge: Dodged            |   102 |    46 ||   148
       Rpst.: Falchion   |    34 |    15 ||    49
